 Dungeon Crawl Stone Soup version 0.29.1-1-gd02db6906a (webtiles) character file.

Game seed: 8497220782255636923

73 Kaiern the Slasher (level 4, -16/27 HPs)
             Began as a Tengu Gladiator on Oct 6, 2022.
             Killed from afar by Terence (21 damage)
             ... with a bolt of dispelling energy
             ... on level 2 of the Dungeon.
             The game lasted 00:05:17 (2305 turns).

Kaiern the Slasher (Tengu Gladiator)                Turns: 2305, Time: 00:05:18

Health: -16/27     AC:  3    Str: 14    XL:     4   Next: 27%
Magic:  5/5        EV: 13    Int:  8    God:
Gold:   156        SH:  0    Dex: 18    Spells: 3/3 levels left

rFire   . . .      SeeInvis .   a - +0 long sword
rCold   . . .      Faith    .   (no shield)
rNeg    . . .      Spirit   .   b - +0 leather armour
rPois   .          Reflect  .   c - +0 hat
rElec   .          Harm     .   (no cloak)
rCorr   .          Rampage  .   (no gloves)
Will    .....                   (boots unavailable)
Stlth   ++........              (no amulet)
HPRegen 0.09/turn               (no ring)
MPRegen 0.09/turn               (no ring)

@: no status effects
A: beak, talons 3
a: no special abilities


You were on level 2 of the Dungeon.
You visited 1 branch of the dungeon, and saw 3 of its levels.

You collected 156 gold pieces.

Inventory:

Hand Weapons
 a - a +0 long sword (weapon)
Missiles
 d - 3 throwing nets
 e - a javelin
 g - 13 poisoned darts (quivered)
Armour
 b - a +0 leather armour (worn)
 c - a +0 hat (worn)
Jewellery
 i - a ring of magical power
Scrolls
 h - a scroll of identify {unknown}
 j - a scroll of brand weapon {unknown}
 k - a scroll of immolation {unknown}
 n - a scroll of fear {unknown}
 o - a scroll of torment {unknown}
Potions
 f - 2 potions of berserk rage {unknown}
 l - a potion of brilliance {unknown}
 m - a potion of flight {unknown}
 p - a potion of curing {unknown}
 q - a potion of haste {unknown}


   Skills:
 + Level 2.8 Fighting
 + Level 3.9 Long Blades
 - Level 2.0 Throwing
 + Level 3.9 Dodging
 + Level 1.7 Stealth


You had 3 spell levels left.
You didn't know any spells.
Your spell library contained the following spells:

 Spells                   Type           Power      Damage    Failure   Level
 Apportation              Tloc           0%         N/A       50%         1
 Necrotise                Necr           0%         1d4       50%         1
 Summon Small Mammal      Summ           0%         N/A       50%         1


Dungeon Overview and Level Annotations

Branches:
Dungeon (3/15)

Altars:

Annotations:
D:2 Sigmund, Terence


Innate Abilities, Weirdness & Mutations

You have a beak for a mouth.
You have claws for feet.


Message History

The orc hits you with a +0 mace!
You are too injured to fight recklessly!
You are too injured to fight recklessly!
You barely miss the orc. Your kick misses the orc. The orc barely misses you.
You completely miss the orc. Your kick misses the orc.
The orc closely misses you.
You slash the orc!
You kill the orc!
You see here a +0 mace.
You start resting.
HP restored.
There is a stone staircase leading down here.
You climb downwards.
You hear the sound of rushing water.
There is an entrance to a sewer on this level.
Hurry and find it before the portal rusts away!
You hear the rusting of a distant drain.
Found a sling and 9 gold pieces.
Found an escape hatch in the floor.
There is a stone staircase leading up here.
Terence the Incautious comes into view.
He is wielding a +0 flail and carrying a wand of quicksilver (9).
Found a dagger.
A kobold comes into view. It is wielding a +0 club.
Terence shouts!
The kobold shouts!
The dart slug closely misses you.
You slash the dart slug! You claw the dart slug.
You kill the dart slug!
Terence zaps a wand.
The bolt of dispelling energy hits you!
There is a stone staircase leading up here.
Terence hits you with a +0 flail.
You climb upwards.
Level annotation: Sigmund
There is a stone staircase leading down here.
You barely miss Terence. You claw Terence, but do no damage.
Terence hits you with a +0 flail!
* * * LOW HITPOINT WARNING * * *
You hit Terence. You peck Terence.
Terence is moderately wounded.
Terence zaps a wand.
The bolt of dispelling energy hits you!!
Ouch! That really hurt!
You die...

#.# #†# ### #.#
#<# #.# #.# # #.#
#.# # #.# #.# #
#.# #.#
######.###########
#.#
................@#
#.#
###......#######@#
#.# #......# #...#
#.# #......# #.#.#
#.# #......# #.#.#
#.# ####.### #[#.#
#.# #.#######.#.#
#.# #.#...)...#.#
#.#
#.#.#######.###.#


You could see Terence.

Vanquished Creatures
  2 adders (D:2)
  2 dart slugs
  3 orcs
  4 ball pythons
  2 endoplasms
  3 goblins (D:1)
  10 hobgoblins
  3 jackals (D:2)
  A kobold (D:1)
  3 quokkas (D:1)
  3 bats
  5 frilled lizards
  4 rats
45 creatures vanquished.

Notes
Turn   | Place    | Note
-------+----------+-------------------------------------------
     0 | D:1      | Kaiern the Tengu Gladiator began the quest for the Orb.
     0 | D:1      | Reached XP level 1. HP: 12/12 MP: 2/2
   102 | D:1      | Reached XP level 2. HP: 17/17 MP: 3/3
   406 | D:1      | Reached skill level 1 in Stealth
  1036 | D:2      | Reached XP level 3. HP: 18/22 MP: 4/4
  1576 | D:2      | Noticed Sigmund
  1820 | D:2      | Reached XP level 4. HP: 27/27 MP: 5/5
  1838 | D:2      | Found a faded altar of an unknown god.
  2295 | D:3      | Noticed Terence
  2305 | D:2      | Killed from afar by Terence

Illustrated notes

Levels and vault maps discovered:
D:1:      dpeg_arrival_pits, layout_basic
D:2:      layout_basic, dreamdust_ecumenical_altar_angels_and_demons,
          uniq_sigmund
D:3:      layout_rooms, nzn_wu_jian_council_hall, trog_book,
          general_overflow_altar, portal_sewer_entry_c, gammafunk_ghost_icy,
          serial_corexii_hall, corexii_hall_statues_i,
          chequers_hall_statues_wall_a, uniq_terence, uniq_natasha

Skill      XL: |  1  2 |
---------------+-------+-----
Stealth        | 1 |  1.7
Fighting       | |  2.8
Long Blades    | |  3.9
Throwing       | |  2.0
Dodging        | |  3.9

Action                   |  1- 3 |  4- 6 || total
-------------------------+-------+-------++-------
Melee: Long sword        |    70 |    19 ||    89
       Kick              |    15 |     4 ||    19
       Punch             |     1 |       ||     1
       Peck              |     7 |     1 ||     8
Throw: Dart              |     2 |       ||     2
 Stab: Sleeping          |     1 |     2 ||     3
       Distracted        |     1 |       ||     1
Armor: Leather armour    |    14 |     1 ||    15
Dodge: Dodged            |    39 |    17 ||    56
